 Dungeon Crawl Stone Soup version 0.30-a0-339-g89bb51ec76 (webtiles) character file.

Game seed: 9936286113326351782

74 koil the Trooper (level 4, -4/49 HPs)
             Began as an Ogre Cinder Acolyte on Oct 31, 2022.
             Was a High Priest of Ignis.
             Slain by an orc
             ... wielding a +0 hand axe
              (5 damage)
             ... on level 3 of the Dungeon.
             The game lasted 00:02:58 (1461 turns).

koil the Trooper (Ogre Cinder Acolyte)              Turns: 1461, Time: 00:02:58

Health: -4/49      AC:  3    Str: 18    XL:     4   Next: 30%
Magic:  2/7        EV:  9    Int: 17    God:    Ignis [*****.]
Gold:   109        SH:  0    Dex:  4    Spells: 5/7 levels left

rFire   + . .      SeeInvis .    a - -1 hand axe (flame)
rCold   . . .      Faith    .    (no shield)
rNeg    . . .      Spirit   .    b - +0 robe
rPois   .          Reflect  .    (helmet restricted)
rElec   .          Harm     .    (no cloak)
rCorr   .          Rampage  .    (gloves unavailable)
Will    .....                    (boots unavailable)
Stlth   +.........               (no amulet)
HPRegen 0.28/turn                (no ring)
MPRegen 0.10/turn                (no ring)

@: no status effects
A: large, unfitting armour, tough skin 1
a: Renounce Religion, Fiery Armour, Foxfire Swarm, Rising Flame


You were on level 3 of the Dungeon.
You worshipped Ignis.
Ignis was extremely pleased with you.
You visited 1 branch of the dungeon, and saw 3 of its levels.

You collected 109 gold pieces.

Inventory:

Hand Weapons
 a - a -1 hand axe of flaming (weapon)
Missiles
 i - 9 poisoned darts
Armour
 b - a +0 robe (worn)
Magical Staves
 c - a staff of cold
Scrolls
 f - 2 scrolls of amnesia {unknown}
 g - a scroll of noise {unknown}
 l - a scroll of poison {unknown}
Potions
 d - a potion of curing {unknown}
 e - a potion of lignification {unknown}
 h - a potion of haste {unknown}
 j - a potion of invisibility {unknown}
 k - a potion of resistance {unknown}


   Skills:
 + Level 4.6 Fighting
 + Level 3.4 Axes
 + Level 1.3 Dodging
 + Level 2.2 Spellcasting
 + Level 3.1 Fire Magic


You had 5 spell levels left.
You knew the following spells:

 Your Spells              Type           Power      Damage    Failure   Level
a - Scorch                Fire           24%        2d6       8%          2

Your spell library contained the following spells:

 Spells                   Type           Power      Damage    Failure   Level


Dungeon Overview and Level Annotations

Branches:
Dungeon (3/15)

Altars:
Dithmenos


Innate Abilities, Weirdness & Mutations

You are too large for most types of armour.
You have tough skin. (AC +1)


Message History

* * * LOW HITPOINT WARNING * * *
You hit the orc but do no damage.
The orc is heavily wounded.
The orc hits you but does no damage.
You closely miss the orc.
The orc is heavily wounded.
The orc barely misses you.
You closely miss the orc.
The orc is heavily wounded.
The orc hits you with a +0 flail.
* * * LOW HITPOINT WARNING * * *
You closely miss the orc.
The orc is heavily wounded.
The orc closely misses you.
You are too injured to fight recklessly!
Casting: Scorch (safe; 8% risk of failure)
Confirm with . or Enter, or press ? or * to list all spells.
Flames lash the orc.
The orc is heavily wounded.
The orc's fire resistance burns away.
The orc misses you.
Casting: Scorch (safe; 8% risk of failure)
Confirm with . or Enter, or press ? or * to list all spells.
Flames lash the orc.
You kill the orc!
Casting: Scorch (safe; 8% risk of failure)
Confirm with . or Enter, or press ? or * to list all spells.
You don't have enough magic to cast this spell.
You hit the orc but do no damage.
The orc is heavily wounded.
The orc is no longer more vulnerable to fire.
The orc closely misses you. The orc hits you with a +0 hand axe.
* * * LOW HITPOINT WARNING * * *
You hit the orc but do no damage.
The orc is heavily wounded.
The orc hits you with a +0 hand axe.
* * * LOW HITPOINT WARNING * * *
You hit the orc but do no damage.
The orc is heavily wounded.
The orc hits you with a +0 hand axe.
You die...

#.##### #.# #.#
#.# #.# ###
##.########.#
...##...##......#
........#.######
#..... #.#
...#..#.###.#
#......)o@.#
###.##.##### #.#
#o# #.# #.# #o#
#..


You could see an orc.

Vanquished Creatures
  An orc priest (D:3)
  An adder (D:2)
  4 orcs (D:3)
  2 endoplasms (D:1)
  2 giant cockroaches
  3 goblins
  3 hobgoblins (D:1)
  A kobold (D:2)
  2 quokkas (D:1)
  4 ball pythons
  4 bats (D:1)
  5 rats
32 creatures vanquished.

Notes
Turn   | Place    | Note
-------+----------+-------------------------------------------
     0 | D:1      | koil the Ogre Cinder Acolyte began the quest for the Orb.
     0 | D:1      | Reached XP level 1. HP: 24/24 MP: 2/2
   265 | D:1      | Reached XP level 2. HP: 32/32 MP: 4/4
   268 | D:1      | Learned a level 2 spell: Scorch
   925 | D:2      | Found a shadowy altar of Dithmenos.
   941 | D:2      | Reached XP level 3. HP: 40/40 MP: 5/5
  1237 | D:2      | Reached skill level 1 in Dodging
  1416 | D:3      | Reached XP level 4. HP: 49/49 MP: 1/7
  1455 | D:3      | HP: 2/49 [orc/+0 flail (4)]
  1460 | D:3      | HP: 1/49 [orc/+0 hand axe (2)]
  1461 | D:3      | Slain by an orc

Illustrated notes

Levels and vault maps discovered:
D:1:      nzn_arrival_water_spiral, layout_basic, minmay_crystal_room,
          columned_hall_lemuel, chequers_serial_rivers_room_b,
          minmay_pentomino_t2
D:2:      minmay_alternating_diamond, layout_basic, basic_altar,
          nicolae_grassy_gnolls
D:3:      layout_loops_corners

Skill      XL: |  1  2  3 |
---------------+----------+-----
Fire Magic     | 3 |  3.1
Dodging        | 1 |  1.3
Spellcasting   | 2 |  2.2
Fighting       | |  4.6
Axes           | |  3.4

Action                   |  1- 3 |  4- 6 || total
-------------------------+-------+-------++-------
Melee: Hand axe          |    73 |    41 ||   114
 Cast: Scorch            |     9 |     2 ||    11
Armor: Robe              |    31 |     5 ||    36
Dodge: Dodged            |    49 |    20 ||    69

Table legend: (Time is in decaauts)
 A = Elapsed time spent in this place.
 B = Non-inter-level travel time spent in this place.
 C = Inter-level travel time spent in this place.
 D = Time resting spent in this place.
 E = Time spent auto-exploring this place.
 F = Levels seen in this place.
 G = Mean time per level.
                   A        B        C        D        E       F      G
               +--------+--------+--------+--------+--------+-----+--------+
         Total |   1480 |   1438 |     42 |    132 |   1026 |   3 |  493.3 |
       Dungeon |   1480 |   1438 |     42 |    132 |   1026 |   3 |  493.3 |
               +--------+--------+--------+--------+--------+-----+--------+

Top non-repeatable levels by time:
     D:1: 883 daAuts
     D:2: 371 daAuts
     D:3: 226 daAuts
